 Dungeon Crawl Stone Soup version 0.21.1-1-g345015fe64 (webtiles) character file.

33723 kometa the Whirler (level 13, -3/65 HPs)
             Began as a Spriggan Hunter on June 9, 2018.
             Was the Champion of Dithmenos.
             Killed from afar by an air elemental (8 damage)
             ... with a tornado
             ... on level 1 of the Orcish Mines.
             The game lasted 02:52:12 (17377 turns).

kometa the Whirler (Spriggan Hunter)               Turns: 17377, Time: 02:52:12

Health: -3/65      AC:  4    Str:  8    XL:     13   Next: 38%
Magic:  16/16      EV: 30    Int: 13    God:    Dithmenos [******]
Gold:   1205       SH:  3    Dex: 24    Spells: 12/12 levels left

rFire    . . .     SeeInvis +   d - +3 dagger (venom)
rCold    + . .     Gourm    .   (shield restricted)
rNeg     . . .     Faith    .   c - +0 troll leather armour
rPois    .         Spirit   .   K - +0 hat {MR+}
rElec    .         Reflect  +   (no cloak)
rCorr    .         Harm     .   (gloves unavailable)
MR       +++..                  (boots unavailable)
Stlth    ++++++++++             G - +3 amulet of reflection
HPRegen  0.60/turn              F - +3 ring of dexterity
MPRegen  0.15/turn              L - ring of protection from cold

@: flying (expiring), wreathed by umbra, very quick
A: very small, unfitting armour, see invisible, herbivore, speed 3, slow
metabolism 2
a: Shadow Step, Shadow Form, Renounce Religion


You were on level 1 of the Orcish Mines.
You worshipped Dithmenos.
Dithmenos was exalted by your worship.
You were not hungry.

You visited 3 branches of the dungeon, and saw 14 of its levels.
You also visited: Ossuary.

You collected 1205 gold pieces.

Inventory:

Hand Weapons
 a - a +4 hunting sling of electrocution
 d - a +3 dagger of venom (weapon)
 o - a +1 dagger of venom
 D - a +0 blowgun
 I - a +0 dagger of pain
Missiles
 b - 39 poisoned needles
 j - 180 stones (quivered)
Armour
 c - a +0 troll leather armour (worn)
 K - a +0 hat of magic resistance (worn)
 M - a +2 robe
Jewellery
 h - an uncursed ring of resist corrosion
 n - an uncursed ring of flight
 p - an uncursed ring of magical power
 r - an uncursed ring of fire
 t - an uncursed ring of magical power
 F - a +3 ring of dexterity (left hand)
 G - a +3 amulet of reflection (around neck)
 L - a ring of protection from cold (right hand)
Wands
 q - a wand of digging (9)
 u - a wand of enslavement (7)
 x - a wand of polymorph (21)
 J - a wand of iceblast (2)
Scrolls
 i - 2 scrolls of amnesia
 y - a scroll of random uselessness
 E - a scroll of magic mapping
 H - a scroll of identify
 N - a scroll of brand weapon
 O - a scroll of vulnerability {unknown}
Potions
 k - 3 potions of degeneration
 l - a potion of experience
 s - 2 potions of berserk rage
 v - 2 potions of flight
 w - 2 potions of lignification
 z - 3 potions of mutation
 A - a potion of brilliance
 B - a potion of ambrosia {unknown}
 C - 2 potions of might {unknown}
Books
 e - a book of Enchantments

   Spells                             Type                      Level
   a - Cause Fear                     Hexes                        4
   b - Yara's Violent Unravelling     Hexes/Transmutation          5
   c - Silence                        Hexes/Air                    5
   d - Deflect Missiles               Charms/Air                   6
   e - Discord                        Hexes                        8
 g - a book of Maledictions

   Spells                             Type                      Level
   a - Corona                         Hexes                        1
   b - Ensorcelled Hibernation        Hexes/Ice                    2
   c - Confuse                        Hexes                        3
   d - Tukima's Dance                 Hexes                        3
   e - Dazzling Spray                 Conjuration/Hexes            3
Comestibles
 f - 8 rations


   Skills:
 - Level 5.7 Fighting
 * Level 9.5 Short Blades
 + Level 17.8 Slings
 + Level 0.4 Armour
 * Level 11.9 Dodging
 * Level 14.9 Stealth
 + Level 0.4 Invocations
 + Level 3.6 Evocations


You had 12 spell levels left.
You didn't know any spells.

Dungeon Overview and Level Annotations

Branches:
Dungeon (11/15)            Temple (0/1) D:7            Lair (0/6) D:11
    Orc (2/2) D:11            Elf (1/3) Orc:2

Altars:
Cheibriados
Dithmenos
Elyvilon
Hepliaklqana
Kikubaaqudgha
Uskayaw
Wu Jian
Xom
Zin
The Shining One

Shops:
D:4 [   D:11 }   Orc:2 [[*=

Annotations:
D:3 PikkenKukken's ghost, novice GrFi
D:8 Erica; Grum; Psyche


Innate Abilities, Weirdness & Mutations

You are very small and have problems with some larger weapons.
You are too small for most types of armour.
You have supernaturally acute eyesight. (SInv)
You are a herbivore.
You cover ground extremely quickly.
You need consume almost no food.


Message History

You barely miss the air elemental.
The air elemental is lightly damaged.
Your shadow hits the air elemental with a dagger.
The air elemental completely misses you. x2
You barely miss the air elemental.
The air elemental is lightly damaged.
The air elemental misses you.
You hit the air elemental.
The air elemental is moderately damaged.
The air elemental hits you!
* * * LOW HITPOINT WARNING * * *
The air elemental completely misses you.
The winds around the air elemental calm down.
The air elemental completely misses you.
A vortex of raging winds appears around the air elemental!
The vortex of raging winds lifts you up.
You fly up into the air.
* * * LOW HITPOINT WARNING * * *
The air elemental closely misses you.
You die...

......<).[............## ###
).....)[...#.........## ##.##
...............[....#.## #...#
........>......#.......# ####.##
....#....)............## ##.##.##
............[.........# #......#
..)...)...............####..##.##
.#......)).............##...####
####...........§@§§§....#..## #
#............§§§§§.#.#..)###
##...........§§E§§§###.....##
##........#...§§§§§§§#.......###
##.....#..#..[.§§§§§§§.......##..
#.....#...#...[..§§§§§...........
..............[..§§§§§§.##...#...
#.................§..§..##.......
##..###........[.................


You could see an air elemental.

Vanquished Creatures
  Gastronok (Orc:1)
  2 ogre magi (Orc:2)
  A hydra (D:11)
  12 two-headed ogres
  2 unseen horrors
  2 deep trolls
  2 orc knights (Orc:1)
  A wizard (D:11)
  Pikel (D:6)
  A cyclops (Orc:1)
  A deep elf mage (Elf:1)
  2 orc sorcerers
  2 ugly things
  Maurice (D:11)
  An elephant (D:11)
  5 yaktaurs (D:11)
  12 trolls
  Prince Ribbit (D:6)
  A hippogriff (D:7)
  A vampire (D:6)
  A basilisk (D:11)
  11 yaks
  2 wargs
  Menkaure (D:5)
  Edmund (D:6)
  Duvessa (D:7)
  A water moccasin (D:4)
  12 orc warriors
  An ice beast (D:11)
  A black bear (D:9)
  2 necrophages
  2 sky beasts (D:7)
  30 ogres
  3 phantoms
  A slave (D:6)
  2 wolves (D:9)
  7 centaurs
  A crocodile (D:11)
  Blork the orc (D:4)
  6 bullfrogs
  2 big kobolds
  Dowan (D:7)
  3 water moccasin zombies (Ossuary)
  20 killer bees
  2 scorpions
  A howler monkey (D:4)
  An electric eel (D:11)
  4 crimson imps
  A jelly (D:7)
  A hound (D:7)
  2 centaur skeletons
  A gnoll shaman (D:7)
  11 orc priests
  A bullfrog skeleton (D:7)
  Jessica (D:2)
  4 iguanas
  Terence (D:2)
  13 orc wizards
  9 worker ants
  3 big kobold zombies (Ossuary)
  2 hound zombies
  2 hound skeletons
  2 mummies (Ossuary)
  A worker ant zombie (D:5)
  Robin (D:2)
  5 gnolls
  8 adders
  A shadow imp (D:7)
  2 adder zombies (Ossuary)
  4 worms
  A dart slug (D:1)
  9 leopard geckos
  43 orcs
  3 giant cockroaches
  3 gnoll zombies (Ossuary)
  9 goblins
  8 hobgoblins
  11 jackals
  3 quokkas
  3 ball pythons
  9 bats
  9 frilled lizards
  6 hobgoblin zombies (Ossuary)
  15 kobolds
  4 kobold zombies (Ossuary)
  8 orc zombies (Ossuary)
  A quokka skeleton (D:5)
  A quokka zombie (D:7)
  4 rats
399 creatures vanquished.

Vanquished Creatures (others)
  A cyclops (Orc:1)
  A water moccasin zombie (Ossuary)
2 creatures vanquished.

Grand Total: 401 creatures vanquished

Notes
Turn   | Place    | Note
-------+----------+-------------------------------------------
     0 | D:1      | kometa the Spriggan Hunter began the quest for the Orb.
     0 | D:1      | Reached XP level 1. HP: 10/10 MP: 2/2
    59 | D:1      | Reached skill level 5 in Slings
   206 | D:1      | Reached XP level 2. HP: 14/14 MP: 3/3
   709 | D:1      | You fall through a shaft!
   710 | D:2      | Found a shadowy altar of Dithmenos.
   730 | D:2      | Reached skill level 6 in Slings
   732 | D:2      | Reached XP level 3. HP: 18/18 MP: 4/4
   812 | D:2      | Noticed Terence
   843 | D:2      | Killed Terence
  1033 | D:2      | Noticed Jessica
  1057 | D:2      | Reached XP level 4. HP: 23/23 MP: 5/5
  1120 | D:2      | Killed Jessica
  1120 | D:2      | Reached skill level 7 in Slings
  1319 | D:2      | Noticed Robin
  1352 | D:2      | Killed Robin
  1493 | D:3      | Noticed PikkenKukken's ghost (novice GrFi)
  2202 | D:2      | Became a worshipper of Dithmenos the Shadowed
  2412 | D:3      | Reached XP level 5. HP: 26/26 MP: 6/6
  2448 | D:3      | Found a white marble altar of Elyvilon.
  3003 | D:4      | Found a glowing silver altar of Zin.
  3004 | D:4      | Reached * piety under Dithmenos
  3038 | D:4      | Noticed a water moccasin
  3065 | D:4      | Killed a water moccasin
  3065 | D:4      | Reached skill level 8 in Slings
  3065 | D:4      | Reached XP level 6. HP: 30/30 MP: 7/7
  3157 | D:4      | Reached skill level 9 in Slings
  3343 | D:4      | Noticed Blork the orc
  3352 | D:4      | Killed Blork the orc
  3380 | D:4      | Found a glowing golden altar of the Shining One.
  3444 | D:4      | Reached XP level 7. HP: 35/35 MP: 8/8
  3747 | D:4      | Reached skill level 10 in Slings
  3839 | D:4      | Found Jos Soso's Armour Shop.
  4127 | D:5      | Entered Level 5 of the Dungeon
  4262 | D:5      | Found a shimmering altar of Xom.
  4326 | D:5      | Noticed Menkaure
  4342 | D:5      | Reached ** piety under Dithmenos
  4347 | D:5      | Killed Menkaure
  4508 | D:5      | Reached skill level 11 in Slings
  4563 | D:5      | Reached XP level 8. HP: 39/39 MP: 9/9
  4759 | D:5      | Found a sand-covered staircase.
  4815 | Ossuary  | Entered an ossuary
  5290 | Ossuary  | Reached skill level 12 in Slings
  5435 | Ossuary  | Reached *** piety under Dithmenos
  6116 | D:6      | Reached skill level 1 in Short Blades
  6122 | D:6      | Noticed Prince Ribbit
  6169 | D:6      | Killed Prince Ribbit
  6356 | D:6      | Found a hazy altar of Hepliaklqana.
  6439 | D:6      | Reached XP level 9. HP: 46/46 MP: 10/10
  6524 | D:6      | Found a snail-covered altar of Cheibriados.
  6591 | D:6      | Noticed Pikel
  6631 | D:6      | Killed Pikel
  6631 | D:6      | Reached skill level 5 in Fighting
  6893 | D:6      | Noticed Edmund
  6923 | D:6      | Killed Edmund
  6923 | D:6      | Reached skill level 5 in Stealth
  7130 | D:7      | Noticed Dowan
  7133 | D:7      | Noticed Duvessa
  7168 | D:7      | Killed Duvessa
  7188 | D:7      | Killed Dowan
  7188 | D:7      | Reached skill level 13 in Slings
  7484 | D:7      | Reached **** piety under Dithmenos
  7681 | D:7      | Found a staircase to the Ecumenical Temple.
  8151 | D:7      | Reached XP level 10. HP: 53/53 MP: 11/11
  8306 | D:7      | Noticed a two-headed ogre
  8623 | D:8      | Noticed Grum
  8669 | D:8      | Found a hide-covered altar of Uskayaw.
  8680 | D:8      | Noticed Erica
  8731 | D:8      | Noticed Psyche
  8888 | D:8      | Noticed a two-headed ogre
  9026 | D:8      | Found an ancient bone altar of Kikubaaqudgha.
  9569 | D:9      | Reached skill level 1 in Evocations
  9779 | D:9      | Reached skill level 14 in Slings
  9786 | D:9      | Reached skill level 5 in Short Blades
  9935 | D:9      | Noticed a two-headed ogre
  9968 | D:9      | Killed a two-headed ogre
  9968 | D:9      | Reached skill level 5 in Dodging
  9968 | D:9      | Reached skill level 10 in Stealth
 10079 | D:9      | Noticed a two-headed ogre
 10092 | D:9      | Killed a two-headed ogre
 10103 | D:9      | Found an ornate altar of the Wu Jian Council.
 10270 | D:10     | Entered Level 10 of the Dungeon
 10517 | D:10     | Noticed an unseen horror
 10521 | D:10     | Killed an unseen horror
 10538 | D:10     | Reached XP level 11. HP: 56/56 MP: 13/13
 11000 | D:10     | Noticed a purple ugly thing
 11054 | D:10     | Killed a purple ugly thing
 11225 | D:11     | Noticed Maurice
 11238 | D:11     | Killed Maurice
 11292 | D:11     | Found Oriu's Gadget Shop.
 11317 | D:11     | Noticed an unseen horror
 11356 | D:11     | Killed an unseen horror
 11413 | D:11     | Noticed a wizard
 11421 | D:11     | Killed a wizard
 11446 | D:11     | Noticed a four-headed hydra
 11562 | D:11     | Killed a four-headed hydra
 11562 | D:11     | Reached skill level 15 in Slings
 11893 | D:11     | Reached ***** piety under Dithmenos
 12238 | D:11     | Noticed a white ugly thing
 12279 | D:11     | Killed a white ugly thing
 12400 | D:11     | Found a staircase to the Orcish Mines.
 12406 | Orc:1    | Entered Level 1 of the Orcish Mines
 12936 | D:11     | Reached XP level 12. HP: 29/60 MP: 15/15
 13174 | Orc:1    | Noticed a two-headed ogre
 13178 | Orc:1    | Killed a two-headed ogre
 13328 | Orc:1    | Reached skill level 16 in Slings
 13433 | Orc:1    | Noticed Gastronok
 13757 | D:11     | Found a staircase to the Lair.
 13952 | D:11     | Noticed a two-headed ogre
 13959 | D:11     | Killed a two-headed ogre
 14368 | Orc:1    | Killed Gastronok
 14810 | Orc:2    | Entered Level 2 of the Orcish Mines
 14810 | Orc:2    | Found Ivaonugo's Antique Armour Boutique.
 14810 | Orc:2    | Found a staircase to the Elven Halls.
 14810 | Orc:2    | Noticed an ogre mage
 14810 | Orc:2    | Noticed a two-headed ogre
 14810 | Orc:2    | Noticed a two-headed ogre
 14821 | Orc:2    | Noticed a two-headed ogre
 14821 | Orc:2    | Noticed an ogre mage
 14821 | Orc:2    | Noticed a two-headed ogre
 14904 | Orc:1    | Killed a two-headed ogre
 14904 | Orc:1    | Reached skill level 10 in Dodging
 14922 | Orc:1    | Killed a two-headed ogre
 14970 | Orc:2    | Found a labyrinth entrance.
 15110 | Orc:2    | Noticed a two-headed ogre
 15399 | Orc:1    | Killed a two-headed ogre
 15399 | Orc:1    | Reached skill level 17 in Slings
 15941 | Orc:2    | Noticed a two-headed ogre
 15977 | Orc:2    | Noticed a two-headed ogre
 15984 | Orc:1    | Reached XP level 13. HP: 34/65 MP: 16/16
 16501 | Orc:2    | Found Istuupoxono's General Store.
 16505 | Orc:2    | Found Tagg's Armour Shop.
 16515 | Orc:2    | Found Heazoczu's Jewellery Shoppe.
 16545 | Orc:2    | Reached ****** piety under Dithmenos
 17344 | Elf:1    | Entered Level 1 of the Elven Halls
 17377 | Orc:1    | Killed from afar by an air elemental

Skill      XL: |  1  2  3  4  5  6  7  8  9 10 11 12 13 |
---------------+----------------------------------------+-----
Slings         | 5 6 7 8 9 11 12 13 14 15 17 | 17.8
Fighting       | 2 4 5 |  5.7
Stealth        | 2 4 6 11 12 14 | 14.9
Short Blades   | 2 4 6 7 9 |  9.5
Evocations     | 2 3 |  3.6
Dodging        | 6 8 10 11 | 11.9
Armour         | |  0.4
Invocations    | |  0.4

Action                   |  1- 3 |  4- 6 |  7- 9 | 10-12 | 13-15 || total
-------------------------+-------+-------+-------+-------+-------++-------
Melee: Short sword       |       |     7 |       |    87 |       ||    94
       Dagger            |       |       |       |    82 |    15 ||    97
 Fire: Hunting sling     |   102 |   187 |   620 |   715 |   134 ||  1758
       Blowgun           |       |       |       |    64 |       ||    64
Throw: Stone             |       |       |     4 |       |       ||     4
Invok: Shadow Step       |       |       |       |     2 |       ||     2
Evoke: Wand              |       |       |       |     8 |       ||     8
  Use: Scroll            |       |     7 |     8 |    14 |       ||    29
       Potion            |       |       |     5 |    10 |       ||    15
 Stab: Sleeping          |       |       |       |     6 |     1 ||     7
  Eat: Ration            |       |       |     2 |     3 |       ||     5
Armor: Robe              |       |     4 |     3 |    12 |       ||    19
       Troll leather arm |       |       |       |       |     1 ||     1
Dodge: Dodged            |     8 |    39 |    56 |   455 |    57 ||   615
Block: Other             |       |       |       |    32 |     7 ||    39
       Reflection        |       |       |       |     3 |       ||     3
